 Dungeon Crawl Stone Soup version 0.25-a0-589-g1e14c54 (webtiles) character file.

Game seed: 9413371305624869885, levelgen mode: deterministic

607834 DrEnzyme the Ogre Mage (level 27, -14/229 HPs)
             Began as an Ogre Wanderer on Mar 6, 2020.
             Was the Champion of the Shining One.
             Killed by the air
             ... invoked by a titan
             ... created by the fury of Okawaru
              (22 damage)
             ... on level 4 of the Realm of Zot on Mar 11, 2020.
             The game lasted 08:07:17 (154197 turns).

DrEnzyme the Ogre Mage (Ogre Wanderer)            Turns: 154197, Time: 08:07:17

Health: -14/229    AC: 16    Str: 26    XL:     27
Magic:  11/47      EV: 21    Int: 20    God:    the Shining One [******]
Gold:   452        SH: 32    Dex: 11    Spells: 24/77 levels left

rFire    + + +     SeeInvis .   a - +9 eveningstar (holy)
rCold    . . .     Gourm    .   G - +4 kite shield {AC+3}
rNeg     + + +     Faith    .   x - +0 fire dragon scales
rPois    .         Spirit   .   T - +2 hat {Int+3}
rElec    +         Reflect  +   h - scarf {rC+ rF+}
rCorr    .         Harm     .   (gloves unavailable)
MR       +++..                  (boots unavailable)
Stlth    ..........             J - +6 amulet of reflection
HPRegen  0.48/turn              v - ring of Gilaot {MR+ EV+2 Dex+2 Slay+4}
MPRegen  0.30/turn              D - ring "Kireig" {*Drain rElec rN+ EV+4 Slay+3}

@: divine shield, about to teleport, glowing, studying Dodging
A: large, unfitting armour, horns 1, dopey 1, frail 2, low mp 1, tough skin 1,
sturdy frame 1
}: 3/15 runes: serpentine, barnacled, silver
a: Divine Shield, Cleansing Flame, Summon Divine Warrior, Renounce Religion


You were on level 4 of the Realm of Zot.
You worshipped the Shining One.
The Shining One was exalted by your worship.
You were not hungry.

You visited 10 branches of the dungeon, and saw 49 of its levels.
You visited the Abyss 4 times.
You also visited: Ice Cave.

You collected 8387 gold pieces.
You spent 7935 gold pieces at shops.

Inventory:

Hand Weapons
 a - a +9 eveningstar of holy wrath (weapon)
 B - a +9 vorpal demon whip
 O - the +8 morningstar "Uwnesel" {vorpal, +Blink rF++ Str+3 Stlth+}
   (Okawaru gifted it to you on level 1 of the Realm of Zot)

   It inflicts extra damage upon your enemies.
   It affects your strength (+3).
   It greatly protects you from fire.
   It lets you blink.
   It makes you more stealthy.
 V - the +11 morningstar of Fee Simple {venom, +Rage rF+ Str+2}
   (Okawaru gifted it to you on level 4 of the Depths)

   It poisons the flesh of those it strikes.
   It affects your strength (+2).
   It protects you from fire.
   It lets you go berserk.
Missiles
 F - 184 large rocks
 N - 32 silver javelins (quivered)
Armour
 h - a scarf of resistance (worn)
 x - +0 fire dragon scales (worn)
 y - +0 gold dragon scales
 G - a +4 kite shield of protection (worn)
 T - a +2 hat of intelligence (worn)
 U - the +3 cloak of the Snake Pit {rElec rC- rCorr Slay+5}
   (Okawaru gifted it to you on level 4 of the Snake Pit)

   It affects your accuracy and damage with ranged weapons and melee attacks
   (+5).
   It makes you vulnerable to cold.
   It insulates you from electricity.
   It provides partial protection from all sources of acid and corrosion.
Magical Staves
 b - an uncursed staff of summoning
 c - an uncursed staff of wizardry
 d - an uncursed staff of air
Jewellery
 v - the ring of Gilaot (left hand) {MR+ EV+2 Dex+2 Slay+4}
   (You acquired it on level 4 of the Depths)

   [ring of evasion]

   It affects your evasion (+2).
   It affects your dexterity (+2).
   It affects your accuracy and damage with ranged weapons and melee attacks
   (+4).
   It affects your resistance to hostile enchantments.
 w - the ring "Zaseamer" {+Blink rPois Str+5 Int-3 Stlth-}
   (You took it off a spriggan air mage on level 4 of the Depths)

   [ring of attention]

   It affects your strength (+5).
   It affects your intelligence (-3).
   It protects you from poison.
   It lets you blink.
   It makes you less stealthy.
 z - the ring "Feis" {Ice rN+ MR++ Str-4 Dex+2}
   (You bought it in a shop on level 3 of the Elven Halls)

   [ring of ice]

   It enhances your ice magic.
   It affects your strength (-4).
   It affects your dexterity (+2).
   It makes you vulnerable to fire.
   It protects you from cold.
   It protects you from negative energy.
   It affects your resistance to hostile enchantments.
 A - an uncursed ring of see invisible
 D - the ring "Kireig" (right hand) {*Drain rElec rN+ EV+4 Slay+3}
   (You took it off a naga on level 15 of the Dungeon)

   [ring of evasion]

   It affects your evasion (+4).
   It affects your accuracy and damage with ranged weapons and melee attacks
   (+3).
   It insulates you from electricity.
   It protects you from negative energy.
   It causes draining when unequipped.
 J - a +6 amulet of reflection (around neck)
 M - an uncursed ring of wizardry
 P - an uncursed ring of flight
Wands
 m - a wand of acid (10)
 C - a wand of digging (14)
 K - a wand of scattershot (4)
 L - a wand of disintegration (18)
 W - a wand of clouds (10)
Scrolls
 g - 9 scrolls of blinking
 i - 7 scrolls of identify
 p - 5 scrolls of teleportation
 r - 7 scrolls of immolation
 I - 6 scrolls of fog
 X - a scroll of magic mapping
 Y - 4 scrolls of vulnerability
Potions
 k - 10 potions of mutation
 l - 6 potions of stabbing
 n - 4 potions of might
 t - 2 potions of cancellation
 u - 7 potions of brilliance
 H - 4 potions of resistance
 Q - a potion of degeneration
 Z - 4 potions of magic
Books
 o - a manual of Dodging
Miscellaneous
 e - 4 boxes of beasts
 j - a phial of floods
 s - a lamp of fire
 S - a phantom mirror
Comestibles
 f - 22 rations


   Skills:
 + Level 19.1 Fighting
   Level 2.1 Short Blades
 + Level 16.9 Maces & Flails
 + Level 11.5 Throwing
 + Level 8.1 Armour
 * Level 15.6 Dodging
 - Level 1.4 Stealth
 + Level 16.8 Shields
 + Level 25.5 Spellcasting
 + Level 15.0 Summonings
 - Level 6.1 Necromancy
 + Level 5.5 Translocations
 - Level 11.5 Air Magic
 - Level 5.0 Invocations
 - Level 2.1 Evocations


You had 24 spell levels left.
You knew the following spells:

 Your Spells              Type           Power        Failure   Level  Hunger
a - Airstrike             Air            ######....   1%          4    None
b - Apportation           Tloc           #####.       1%          1    None
c - Call Canine Familiar  Summ           ######..     0%          3    None
d - Animate Dead          Necr           N/A          1%          4    None
e - Blink                 Tloc           N/A          1%          2    None
f - Silence               Hex/Air        #####.....   6%          5    None
g - Summon Lightning Spi  Summ/Air       ######..     1%          4    None
h - Passage of Golubria   Tloc           N/A          2%          4    None
i - Shadow Creatures      Summ           N/A          1%          6    ##.....
j - Summon Butterflies    Summ           ######..     0%          1    None
l - Summon Mana Viper     Hex/Summ       ######..     3%          5    None
m - Summon Greater Demon  Summ           ######....   4%          7    ####...
n - Monstrous Menagerie   Summ           ######....   4%          7    ####...

Your spell library contained the following spells:

 Spells                   Type           Power        Failure   Level  Hunger
 Summon Small Mammal      Summ           ####         0%          1    None
 Call Imp                 Summ           ######..     0%          2    None
 Animate Skeleton         Necr           N/A          1%          1    None
 Pain                     Necr           ####         1%          1    None
 Shock                    Conj/Air       ####         1%          1    None
 Poisonous Vapours        Pois/Air       #####.       1%          2    None
 Swiftness                Chrm/Air       #####...     1%          2    None
 Gell's Gravitas          Tloc           #####.....   1%          3    None
 Lesser Beckoning         Tloc           #####.....   1%          3    None
 Mephitic Cloud           Conj/Pois/Air  #####...     1%          3    None
 Static Discharge         Conj/Air       #####...     1%          3    None
 Summon Guardian Golem    Hex/Summ       ######..     1%          3    None
 Vampiric Draining        Necr           ######....   1%          3    None
 Summon Ice Beast         Ice/Summ       ######..     1%          4    None
 Beastly Appendage        Tmut           ####..       2%          1    None
 Corona                   Hex            ####...      2%          1    None
 Freeze                   Ice            ####         2%          1    None
 Magic Dart               Conj           ####         2%          1    None
 Sandblast                Erth           ####..       2%          1    None
 Sting                    Tmut/Pois      ####         2%          1    None
 Portal Projectile        Hex/Tloc       #####.       2%          3    None
 Ensorcelled Hibernation  Hex/Ice        ####..       3%          2    None
 Passwall                 Tmut/Erth      ####....     3%          2    None
 Slow                     Hex            ####....     3%          2    None
 Song of Slaying          Chrm           ####....     3%          2    None
 Sticks to Snakes         Tmut           ####....     3%          2    None
 Summon Hydra             Summ           ######....   4%          7    ####...
 Agony                    Necr           ######..     5%          5    None
 Lightning Bolt           Conj/Air       #####.....   6%          5    None
 Confusing Touch          Hex            ####....     8%          3    None
 Conjure Flame            Conj/Fire      ####....     8%          3    None
 Dazzling Flash           Conj/Hex       ####..       8%          3    None
 Frozen Ramparts          Ice            ####..       8%          3    None
 Ignite Poison            Fire/Tmut/Pois ####....     8%          3    None
 Inner Flame              Hex/Fire       ####....     8%          3    None
 Ozocubu's Armour         Chrm/Ice       ####....     8%          3    None
 Spectral Weapon          Hex/Chrm       ####....     8%          3    None
 Spider Form              Tmut/Pois      ####......   8%          3    None
 Tukima's Dance           Hex            ####....     8%          3    None
 Borgnjor's Vile Clutch   Necr/Erth      #####.....   21%         5    None
 Cause Fear               Hex            ####......   26%         4    None
 Hailstorm                Conj/Ice       ####....     26%         4    None
 Ice Form                 Ice/Tmut       ####....     26%         4    None
 Leda's Liquefaction      Hex/Erth       ####......   26%         4    None
 Petrify                  Tmut/Erth      ####....     26%         4    None
 Sticky Flame             Conj/Fire      ####....     26%         4    None
 Haunt                    Necr/Summ      ######....   28%         7    ####...
 Malign Gateway           Summ/Tloc      ######....   32%         7    ####...
 Conjure Ball Lightning   Conj/Air       #####.....   34%         6    ##.....
 Deflect Missiles         Chrm/Air       #####.....   34%         6    ##.....
 Summon Horrible Things   Summ           ######....   34%         8    ######.
 Alistair's Intoxication  Tmut/Pois      ####....     56%         5    None
 Blade Hands              Tmut           ####......   56%         5    None
 Bolt of Magma            Conj/Fire/Erth ####......   56%         5    None
 Fireball                 Conj/Fire      ####......   56%         5    None
 Iskenderun's Battlesphe  Conj/Chrm      ####....     56%         5    None
 Lee's Rapid Deconstruct  Erth           ####......   56%         5    None
 Metabolic Englaciation   Hex/Ice        ####......   56%         5    None
 Yara's Violent Unravell  Hex/Tmut       ####......   56%         5    None
 Freezing Cloud           Conj/Ice/Air   #####.....   63%         6    ##.....
 Spellforged Servitor     Conj/Summ      ######....   69%         7    ####...
 Darkness                 Hex            ####......   98%         6    ##.....
 Invisibility             Hex            ####....     98%         6    ##.....
 Iron Shot                Conj/Erth      ####......   98%         6    ##.....
 Starburst                Conj/Fire      ####......   98%         6    ##.....
 Orb of Destruction       Conj           ####......   100%        7    ####...
 Ring of Flames           Chrm/Fire      ####......   100%        7    ####...
 Borgnjor's Revivificati  Necr           ######....   100%        8    ######.
 Chain Lightning          Conj/Air       #####.....   100%        8    ######.
 Death's Door             Chrm/Necr      #####.....   100%        8    ######.
 Discord                  Hex            ####......   100%        8    ######.
 Ignition                 Fire           ####......   100%        8    ######.
 Infestation              Necr           ######....   100%        8    ######.
 Lehudib's Crystal Spear  Conj/Erth      ####......   100%        8    ######.
 Necromutation            Tmut/Necr      #####.....   100%        8    ######.
 Fire Storm               Conj/Fire      ####......   100%        9    #######
 Glaciate                 Conj/Ice       ####......   100%        9    #######
 Shatter                  Erth           ####......   100%        9    #######
 Tornado                  Air            ######....   100%        9    #######


Dungeon Overview and Level Annotations

Branches:
Dungeon (15/15)            Temple (1/1) D:4            Lair (6/6) D:8
 Shoals (4/4) Lair:3        Snake (4/4) Lair:2        Slime (0/5) Lair:6
    Orc (2/2) D:12            Elf (3/3) Orc:2        Vaults (5/5) D:13
  Crypt (0/3) Vaults:3     Depths (5/5) D:15            Zot (4/5) Depths:5
  IceCv (visited)

Altars:
Ashenzari
Cheibriados
Dithmenos
Elyvilon
Fedhas
Gozag
Hepliaklqana
Kikubaaqudgha
Makhleb
Nemelex Xobeh
Okawaru
Qazlal
Ru
Sif Muna
Trog
Uskayaw
Vehumet
Wu Jian
Xom
Yredelemnul
Zin
The Shining One
Jiyva

Shops:
D:7 *   D:12 :   D:15 :!   Orc:1 (   Orc:2 *[:(   Elf:1 [   Elf:3 =
Shoals:2 *   Snake:1 ::   Depths:1 [   Depths:2 [

Portals:
Hell: Depths:1 Depths:2 Depths:3 Depths:4 Depths:5
Abyss: Depths:4
Pandemonium: Depths:1 Depths:2 Depths:3
Ziggurat: Depths:3

Annotations:
D:10 exclusion: downstairs
Elf:2 5 runed translucent doors, exclusion: 5 doors
Vaults:1 exclusion: downstairs
Depths:4 1 exclusion
Zot:1 exclusion: downstairs


Innate Abilities, Weirdness & Mutations

You are too large for most types of armour.
You have tough skin. (AC +1)
You have a pair of small horns on your head.
You are dopey. (Int -2)
You are very frail. (-20% HP)
Your magical capacity is low. (-10% MP)
Your movements are slightly less encumbered by armour. (ER -2)


Message History

Throwing (i - inventory. (/) - cycle)
N - 32 silver javelins (quivered)
Press: ? - help, Shift-Dir - straight line, f - deep elf blademaster
Aim: a deep elf blademaster, wielding two +0 rapiers and wearing a +0 leather armour (severely wounded, durably summoned, haloed)
Okay, then.
Unknown command.
Unknown command.
Okay, then.
Unknown command.
Your shield is strengthened by the Shining One's divine power.
You feel slightly more hungry.
You block the deep elf blademaster's attack. x2
You fail to use your ability.
You block the deep elf blademaster's attack. x2
Casting: Blink (safe; 1% risk of failure)
Confirm with . or Enter, or press ? or * to list all spells.
Wisps of shadow whirl around you...
You block the deep elf blademaster's attack. x4
The titan waves its arms in wide circles.
The air twists around and strikes you!!
You die...

#.#*####,,,****
#.#*...#***#,,,
#.###'##,,.#*+* ******
#[##...##'#*,,, *,,,,*
#..........,,,, *,****
###.##d#...,,,≈ *,*
#..C.#,,,,,,≈
*,*###########C#,,,,,,,
*,*#.d@.eCdCd#[###'****
*,,#.######CCd.....#
*,,#.###≈≈#Dd#.###.# **
*,.'.######..#.# *,* *,
***#'#......q..#.#**,***,
*,.............#..,,,,,,,
*..............###,*****,
*..............# *,*****,
*,,,,,....[....#**,**,,,,


You could see 2 titans, a storm dragon, a deep elf blademaster, a yellow
draconian, a green draconian, a red draconian, a white draconian, a fire giant,
a black draconian shifter, a stone giant and a friendly yellow draconian.

Vanquished Creatures
  An ancient lich (Depths:3)
  A juggernaut (Depths:4)
  3 caustic shrikes
  A profane servitor (Abyss:3)
  4 golden dragons
  2 bone dragons (Abyss:1)
  the Enchantress (Depths:4)
  7 tentacled monstrosities
  22 large abominations
  4 quicksilver dragons
  7 titans
  2 liches
  A kraken (Shoals:2)
  An Executioner (Abyss:1)
  4 death cobs
  An acid blob (Zot:2)
  10 sphinxes
  8 tentacled starspawn
  Frances (Shoals:1)
  Kirke (D:15)
  9 tengu reavers
  4 storm dragons
  Donald (Snake:2)
  8 nagarajas
  8 shadow dragons
  7 deep elf sorcerers
  3 draconian monks
  12 vault wardens
  2 iron dragons
  4 draconian shifters
  2 draconian knights (Zot:1)
  15 fire giants
  5 draconian scorchers
  18 frost giants
  A cacodemon (Abyss:1)
  3 deep elf elementalists
  2 spriggan defenders
  20 very ugly things
  6 draconian annihilators
  4 draconian stormcallers
  26 stone giants
  2 entropy weavers
  An ophan (Abyss:3)
  4 deep elf demonologists
  16 ironheart preservers
  4 vampire knights
  A corrupter (Abyss:1)
  12 green draconians
  6 white draconians
  6 black draconians
  8 red draconians
  4 deep elf annihilators (Elf:3)
  4 purple draconians
  10 spark wasps
  10 yellow draconians
  2 merfolk javelineers
  A blizzard demon (Abyss:1)
  3 deep elf death magi
  2 eidola (Abyss:1)
  31 ettins
  14 fire dragons
  16 small abominations
  2 green deaths
  3 deep elf high priests
  12 yaktaur captains
  A great orb of eyes (shapeshifter) (Vaults:1)
  4 merfolk impalers
  9 great orbs of eyes
  9 naga warriors
  5 rakshasas
  32 vault guards
  11 ice dragons
  4 merfolk avatars
  6 hydras
  4 death knights
  4 spriggan air magi
  5 anacondas
  10 centaur warriors
  An alligator snapping turtle (Shoals:3)
  A merfolk aquamancer (Shoals:4)
  22 two-headed ogres
  4 alligators
  4 catoblepae (Depths:3)
  7 deep troll shamans
  6 death yaks
  5 spriggan berserkers
  2 hell hogs (Abyss:1)
  13 ogre magi
  11 deep troll earth magi
  5 tengu warriors
  7 dancing weapons
  3 thrashing horrors
  A titan zombie (Vaults:5)
  2 vampire magi (Depths:2)
  11 deep elf knights
  A sun demon (Depths:3)
  11 naga sharpshooters
  5 shock serpents
  9 hell knights (Depths:4)
  4 sixfirhies
  A fire crab (shapeshifter) (Depths:4)
  A salamander mystic (Snake:4)
  A death drake (Abyss:1)
  6 wretched stars
  5 shadow wraiths
  An unseen horror (shapeshifter) (Vaults:1)
  An iron troll (Depths:5)
  13 sea snakes
  5 skeletal warriors
  The ghost of Kayxt the Eclecticist, a novice DEWz of Vehumet (D:13)
  19 deep trolls
  6 wizards
  A gelid demonspawn (Depths:2)
  11 deep elf archers
  A torturous demonspawn (Depths:3)
  3 unseen horrors
  6 flayed ghosts
  18 starcursed masses
  11 orc knights
  An orange crystal statue (Depths:4)
  7 naga ritualists (Snake:4)
  6 phantasmal warriors
  24 harpies
  9 ironbrand convokers
  2 harpies (shapeshifter)
  6 glowing orange brains
  2 orc sorcerers
  3 wolf spiders
  5 salamanders
  2 necromancers
  7 cyclopes
  6 manticores
  3 oklob plants (Lair:3)
  8 mana vipers
  6 fauns
  47 deep elf magi
  A manticore (shapeshifter) (Vaults:3)
  25 ugly things
  A moth of wrath (shapeshifter) (Vaults:5)
  3 worldbinders (Abyss:1)
  23 black mambas
  15 vault sentinels
  3 elephants (Lair:5)
  13 moths of wrath
  A fire giant skeleton (Abyss:1)
  4 merfolk sirens
  A human skeleton (Vaults:5)
  4 naga magi
  A rust devil (Depths:2)
  A stone giant skeleton (Vaults:4)
  5 guardian serpents
  3 water nymphs
  5 smoke demons (Abyss:1)
  A gargoyle (D:13)
  A rime drake (Lair:3)
  2 torpor snails
  4 orange demons
  8 spiny frogs
  A hellion (Depths:1)
  16 freezing wraiths
  A rime drake (shapeshifter) (D:15)
  4 komodo dragons
  2 efreet
  2 red devils
  2 hellwings
  4 ancient zymes
  28 yaktaurs
  A harpy zombie (D:15)
  A merfolk (shapeshifter) (Vaults:3)
  5 trolls
  A queen bee (shapeshifter) (Vaults:3)
  A wolf spider simulacrum (D:14)
  A tengu conjurer (D:13)
  A yaktaur skeleton (Vaults:5)
  A wind drake (shapeshifter) (Vaults:1)
  2 polar bears
  9 merfolk
  A troll (shapeshifter) (Vaults:4)
  14 hornets
  19 raiju
  8 blink frogs
  7 dream sheep
  22 slime creatures
  9 snapping turtles
  4 hippogriffs
  A slime creature (shapeshifter) (Vaults:3)
  10 redbacks
  A redback (shapeshifter) (Vaults:5)
  16 water elementals
  2 air elementals
  A shadow (D:14)
  A spriggan (shapeshifter) (Vaults:1)
  10 ynoxinuls
  2 wyverns
  6 flying skulls (Abyss:2)
  A yak (shapeshifter) (Vaults:3)
  2 vampires
  A fire dragon skeleton (Abyss:1)
  5 wraiths
  Eustachio (D:6)
  4 fire elementals
  21 yaks
  3 basilisks
  A hog (D:6)
  A human (D:7)
  3 hungry ghosts
  5 chaos spawn
  2 neqoxecs (Abyss:3)
  A steam dragon (D:6)
  A harpy simulacrum (Vaults:1)
  3 vampire mosquitoes (D:15)
  3 swamp worms (Lair:5)
  A naga (shapeshifter) (Elf:1)
  33 nagas
  A soldier ant (D:12)
  3 insubstantial wisps (Abyss:1)
  3 acid dragons
  A warg (Orc:2)
  8 water moccasins
  2 floating eyes (Depths:2)
  2 hell hounds (D:15)
  A deep troll skeleton (Vaults:5)
  6 porcupines
  2 floating eyes (shapeshifter)
  2 sky beasts
  A black bear (shapeshifter) (Vaults:1)
  A sky beast (shapeshifter) (Vaults:4)
  6 ice beasts
  An eye of draining (Abyss:1)
  25 orc warriors
  4 phantoms
  A human zombie (Vaults:1)
  24 ogres
  10 centaurs
  A manticore zombie (Abyss:1)
  19 boggarts
  15 wolves
  9 crocodiles
  A big kobold (Abyss:3)
  10 bullfrogs
  A gnoll sergeant (Orc:2)
  A glowing shapeshifter simulacrum (Vaults:5)
  A wyvern zombie (D:12)
  A wyvern skeleton (D:10)
  6 scorpions
  An orc simulacrum (Vaults:1)
  A troll zombie (D:12)
  3 killer bees
  A killer bee (shapeshifter) (Vaults:5)
  A wight (Vaults:3)
  An electric eel (Snake:3)
  4 howler monkeys
  5 crimson imps
  A quasit (Abyss:3)
  A centaur zombie (D:6)
  A bullfrog zombie (D:12)
  2 hounds
  2 jellies
  11 orc priests
  16 orc wizards
  A gnoll shaman (D:6)
  4 iron imps
  5 centaur skeletons
  Ijyb (D:2)
  3 iguanas
  7 worker ants
  2 ogre zombies (D:12)
  3 human simulacra
  A hound skeleton (D:6)
  13 adders
  5 gnolls
  2 shadow imps
  3 white imps
  7 ufetubi
  3 oozes
  An adder skeleton (D:8)
  2 worms
  A dart slug (D:2)
  5 leopard geckos
  66 orcs
  6 bats
  7 giant cockroaches
  12 goblins
  6 hobgoblins
  10 jackals
  4 quokkas
  3 ball pythons
  6 frilled lizards
  2 goblin skeletons (D:12)
  2 goblin zombies (D:12)
  A hobgoblin skeleton (D:12)
  A hobgoblin zombie (D:12)
  A jackal skeleton (D:5)
  7 kobolds
  A leopard gecko skeleton (D:6)
  A leopard gecko zombie (D:8)
  An orc skeleton (D:12)
  9 orc zombies (D:12)
  A quokka zombie (D:5)
  5 rats
  4 crawling corpses
  2 fungi (Lair:4)
  A lurking horror (Abyss:1)
  7 plants
  2 starspawn tentacles
  5 tentacles
1806 creatures vanquished.

Vanquished Creatures (collateral kills)
  Tiamat (Zot:2)
  2 juggernauts
  2 golden dragons
  2 caustic shrikes (Depths:4)
  An electric golem (Zot:2)
  A bone dragon (Depths:5)
  2 tentacled monstrosities
  3 deep elf blademasters
  Jorgrun (D:13)
  A deep elf master archer (Elf:3)
  3 quicksilver dragons
  2 titans
  A kraken (Shoals:3)
  A death cob (Zot:3)
  3 shadow dragons
  3 sphinxes
  5 storm dragons
  A tengu reaver (Depths:2)
  3 fire giants
  3 nagarajas
  3 draconian monks
  2 iron dragons
  4 deep elf sorcerers
  2 draconian knights
  An orc warlord (Orc:2)
  3 draconian shifters (Zot:2)
  2 vault wardens (Vaults:5)
  4 frost giants
  A ghost moth (Zot:3)
  2 draconian scorchers (Zot:2)
  A balrug (Zot:2)
  A deep elf elementalist (Elf:3)
  2 draconian annihilators
  A draconian stormcaller (Depths:5)
  2 spriggan defenders (Depths:4)
  2 ironheart preservers
  8 stone giants
  8 green draconians
  10 very ugly things
  7 black draconians
  Azrael (D:15)
  7 yellow draconians
  2 deep elf demonologists
  6 deep elf annihilators
  6 red draconians
  6 white draconians
  2 purple draconians
  A merfolk javelineer (Shoals:4)
  7 ettins
  2 deep elf death magi (Elf:3)
  2 fire dragons
  2 merfolk impalers (Shoals:4)
  5 deep elf high priests
  3 great orbs of eyes
  5 yaktaur captains
  4 ice dragons
  5 rakshasas
  10 naga warriors
  A spriggan air mage (Depths:4)
  8 hydras
  3 vault guards
  A hell beast (Depths:2)
  2 merfolk avatars (Shoals:3)
  6 two-headed ogres
  A death knight (D:12)
  6 centaur warriors
  11 anacondas
  A deep troll shaman (Depths:5)
  A death yak (Lair:1)
  4 tengu warriors
  A shock serpent (Snake:1)
  3 naga sharpshooters (Snake:4)
  A spriggan berserker (Depths:4)
  3 orc high priests (Orc:2)
  5 deep elf knights
  A sun demon (Depths:1)
  A shadow wraith (Vaults:1)
  A salamander mystic (Snake:4)
  6 skeletal warriors
  A shadow demon (Depths:3)
  8 sea snakes
  3 hell knights
  7 deep trolls
  2 wizards
  5 deep elf archers
  7 naga ritualists
  6 ironbrand convokers
  10 mana vipers
  5 harpies
  2 necromancers
  4 orc knights
  A fire giant zombie (Vaults:4)
  18 ugly things
  4 moths of wrath
  4 cyclopes
  6 salamanders
  4 orc sorcerers (Orc:2)
  14 deep elf magi
  16 elephants
  A centaur zombie (D:15)
  21 black mambas
  2 merfolk sirens (Shoals:4)
  12 naga magi
  A rust devil (Depths:2)
  2 vault sentinels
  2 guardian serpents (Snake:4)
  A gargoyle (D:15)
  6 spiny frogs
  6 komodo dragons
  A yaktaur (shapeshifter) (Vaults:1)
  3 yaktaurs
  2 freezing wraiths
  An efreet (D:15)
  An ice devil (Depths:2)
  2 rime drakes
  5 trolls
  4 merfolk
  2 tengu conjurers
  A polar bear (Lair:6)
  3 hornets
  A wolf spider simulacrum (D:15)
  A raiju (Abyss:3)
  5 blink frogs
  9 hippogriffs
  3 slime creatures
  10 dream sheep
  An air elemental (Elf:3)
  An ice dragon skeleton (Vaults:1)
  A spriggan (Depths:4)
  10 yaks
  A wyvern (D:9)
  A hog (D:7)
  3 water elementals
  2 basilisks (Lair:6)
  3 hungry ghosts
  3 fire elementals
  39 nagas
  3 vampire mosquitoes
  2 acid dragons
  A spatial vortex (D:15)
  A swamp worm (Lair:5)
  8 water moccasins
  A floating eye (D:15)
  21 orc warriors
  2 porcupines
  3 hell hounds (D:15)
  An eye of draining (shapeshifter) (D:14)
  2 ogres (Vaults:3)
  2 wolves (Lair:2)
  A necrophage (D:9)
  4 centaurs
  9 crocodiles
  5 bullfrogs
  A scorpion (D:8)
  2 killer bees (D:10)
  A crimson imp (D:10)
  A hound (D:14)
  2 bullfrog zombies
  8 orc priests
  6 orc wizards
  An iguana (D:14)
  A worker ant (D:6)
  3 ogre zombies (D:12)
  A hound skeleton (D:8)
  A worker ant zombie (D:7)
  6 adders
  2 gnolls
  A white imp (Depths:5)
  An adder zombie (D:4)
  30 orcs
  A giant cockroach (D:2)
  A quokka (D:11)
  2 bats
  2 goblins (D:2)
  A hobgoblin skeleton (D:12)
  2 orc zombies (D:12)
  A rat (D:2)
  4 fungi
  6 plants
  2 tentacles
706 creatures vanquished.

Vanquished Creatures (others)
  3 deep elf master archers
  A storm dragon (Depths:4)
  A fire giant (Depths:4)
  A deep elf elementalist (Elf:3)
  6 stone giants
  A green draconian (Zot:2)
  3 yaktaur captains
  2 centaur warriors (Depths:1)
  A merfolk aquamancer (Shoals:4)
  A deep elf knight (Vaults:4)
  An iron troll (Depths:5)
  A wretched star (Abyss:3)
  3 deep elf archers
  2 deep elf magi
  A moth of wrath (Zot:2)
  A centaur skeleton (D:15)
  14 yaktaurs
  A raiju (Abyss:3)
  4 humans (D:15)
  A vampire mosquito (D:15)
  A floating eye (D:15)
  A wight (D:15)
  A quokka (D:7)
  30 fungi
  2 lurking horrors
  71 plants
  20 starspawn tentacles
  5 tentacles
180 creatures vanquished.

Grand Total: 2692 creatures vanquished

Notes
Turn   | Place    | Note
-------+----------+-------------------------------------------
     0 | D:1      | DrEnzyme the Ogre Wanderer began the quest for the Orb.
     0 | D:1      | DrEnzyme set off with the following items: a +0 short
                  | sword, a phial of floods, a potion of curing, a +0 robe, a
                  | +0 dagger, a ration
     0 | D:1      | Reached XP level 1. HP: 22/22 MP: 2/2
   316 | D:1      | Reached XP level 2. HP: 25/31 MP: 3/3
  1406 | D:2      | Reached XP level 3. HP: 29/37 MP: 4/4
  1420 | D:2      | Found a faded altar of an unknown god.
  1736 | D:1      | Reached XP level 4. HP: 14/48 MP: 5/5
  2076 | D:2      | Learned a level 1 spell: Animate Skeleton
  2078 | D:2      | Learned a level 1 spell: Apportation
  2486 | D:2      | Noticed Ijyb
  2521 | D:2      | Killed Ijyb
  2521 | D:2      | Reached XP level 5. HP: 37/55 MP: 6/6
  3115 | D:3      | Reached skill level 1 in Spellcasting
  3629 | D:3      | Found a shattered altar of Ashenzari.
  3629 | D:3      | Found a faded altar of an unknown god.
  3649 | D:3      | Found a stormy altar of Qazlal.
  3681 | D:3      | Found a faded altar of an unknown god.
  3682 | D:3      | Found an opulent altar of Gozag.
  4395 | D:4      | Noticed a phantom
  4417 | D:4      | Killed a phantom
  4417 | D:4      | Reached skill level 1 in Maces & Flails
  4417 | D:4      | Reached skill level 1 in Throwing
  4417 | D:4      | Reached skill level 2 in Spellcasting
  4417 | D:4      | Reached XP level 6. HP: 47/65 MP: 7/9
  4584 | D:4      | Found a staircase to the Ecumenical Temple.
  4600 | Temple   | Entered the Ecumenical Temple
  4677 | Temple   | Became a worshipper of Warmaster Okawaru
  4794 | D:4      | Reached skill level 5 in Fighting
  5087 | D:4      | Reached skill level 1 in Necromancy
  5770 | D:5      | Entered Level 5 of the Dungeon
  5796 | D:5      | Reached XP level 7. HP: 45/72 MP: 9/11
  6497 | D:5      | Found a sparkling altar of Nemelex Xobeh.
  6697 | D:6      | Reached skill level 3 in Spellcasting
  6732 | D:6      | Reached * piety under Okawaru
  7065 | D:6      | Reached XP level 8. HP: 40/83 MP: 13/13
  7568 | D:6      | Noticed Eustachio
  7584 | D:6      | Killed Eustachio
  7722 | D:6      | Reached ** piety under Okawaru
  8082 | D:6      | Reached skill level 4 in Spellcasting
  8530 | D:6      | Reached skill level 5 in Maces & Flails
  8808 | D:6      | Reached skill level 5 in Dodging
  8808 | D:6      | Reached XP level 9. HP: 51/92 MP: 15/15
  9562 | D:7      | Found Cemuori's Mass Market.
  9603 | D:7      | Bought 4 large rocks for 30 gold pieces
 10014 | D:7      | Found a white marble altar of Elyvilon.
 10536 | D:7      | Learned a level 3 spell: Call Canine Familiar
 10654 | D:7      | Reached *** piety under Okawaru
 10897 | D:7      | Reached skill level 1 in Summonings
 10965 | D:7      | Reached skill level 5 in Spellcasting
 11337 | D:8      | Noticed a two-headed ogre
 11920 | D:8      | Reached XP level 10. HP: 39/102 MP: 18/18
 12203 | D:8      | Identified the Catalogue of Lightness and Transmutation
 12253 | D:8      | Killed a two-headed ogre
 12253 | D:8      | Reached **** piety under Okawaru
 12253 | D:8      | Received a gift from Okawaru
 12253 | D:8      | Reached skill level 5 in Throwing
 12253 | D:8      | Reached skill level 6 in Spellcasting
 12396 | D:8      | Found a staircase to the Lair.
 12898 | D:9      | Learned a level 4 spell: Animate Dead
 13586 | D:10     | Entered Level 10 of the Dungeon
 15195 | D:11     | Noticed an unseen horror
 15427 | D:11     | Killed an unseen horror
 15427 | D:11     | Reached ***** piety under Okawaru
 15632 | D:11     | Noticed a seven-headed hydra
 15776 | Lair:1   | Entered Level 1 of the Lair of Beasts
 15836 | D:8      | Learned a level 2 spell: Blink
 15870 | D:8      | Reached XP level 11. HP: 61/113 MP: 21/21
 16455 | D:8      | Reached skill level 7 in Spellcasting
 16602 | D:8      | Received a gift from Okawaru
 17466 | Lair:1   | Received a gift from Okawaru
 18384 | Lair:1   | Learned a level 3 spell: Confusing Touch
 18558 | D:8      | Upgraded the game from 0.25-a0-578-gc91f01c to
                  | 0.25-a0-583-g696c2ac
 18946 | Lair:1   | Reached skill level 8 in Spellcasting
 19354 | Lair:1   | Received a gift from Okawaru
 19977 | Lair:1   | Noticed a six-headed hydra
 20385 | D:8      | Learned a level 3 spell: Vampiric Draining
 20387 | D:8      | Learned a level 1 spell: Pain
 21064 | D:11     | Noticed a two-headed ogre
 21536 | D:11     | Killed a two-headed ogre
 21536 | D:11     | Reached skill level 9 in Spellcasting
 21686 | D:11     | Killed a seven-headed hydra
 21737 | D:11     | Noticed a cyclops
 21747 | D:11     | Killed a cyclops
 21747 | D:11     | Received a gift from Okawaru
 21747 | D:11     | Reached XP level 12. HP: 95/123 MP: 22/25
 22068 | D:12     | Got a warped short sword
 22080 | D:12     | Identified the +6 short sword of Tec Uniwn {speed, *Drain
                  | Dex+7} (You found it on level 12 of the Dungeon)
 22089 | D:12     | Found Kighezuo's Book Shop.
 22098 | D:12     | Learned a level 2 spell: Call Imp
 22283 | D:12     | Noticed a death knight
 22523 | D:12     | Learned a level 2 spell: Sticks to Snakes
 22705 | D:8      | Found an ancient bone altar of Kikubaaqudgha.
 22817 | D:10     | Learned a level 4 spell: Airstrike
 23916 | Lair:1   | Noticed a death yak
 23938 | Lair:1   | Noticed a death yak
 24571 | Lair:2   | Reached skill level 1 in Air Magic
 25022 | Lair:2   | Found a staircase to the Snake Pit.
 25450 | Lair:2   | Reached skill level 10 in Spellcasting
 25760 | Lair:3   | Found a frozen archway.
 26218 | IceCv    | Entered an ice cave
 26319 | Lair:3   | Reached skill level 1 in Invocations
 26591 | Lair:3   | You fall into a shaft and drop 2 floors!
 27179 | Lair:4   | You fall into a shaft and drop 2 floors!
 27179 | Lair:6   | Entered Level 6 of the Lair of Beasts
 27181 | Lair:6   | Found a viscous altar of Jiyva.
 27181 | Lair:6   | Found a staircase to the Slime Pits.
 27849 | Lair:3   | Noticed a seven-headed hydra
 27851 | Lair:3   | Received a gift from Okawaru
 28006 | Lair:3   | Killed a seven-headed hydra
 28006 | Lair:3   | Reached skill level 11 in Spellcasting
 28255 | Lair:3   | Found a staircase to the Shoals.
 28614 | Lair:3   | Reached skill level 5 in Summonings
 29074 | Lair:4   | Learned a level 4 spell: Summon Lightning Spire
 29080 | Lair:4   | Learned a level 5 spell: Summon Mana Viper
 29226 | Lair:4   | Reached skill level 5 in Necromancy
 30232 | Lair:5   | Reached XP level 13. HP: 114/131 MP: 11/28
 30931 | Lair:4   | Received a gift from Okawaru
 30934 | Lair:4   | Got an ominously black robe {god gift}
 30944 | Lair:4   | Identified the +1 robe of Parts Unknown {Int+3 Stlth+}
                  | (Okawaru gifted it to you on level 4 of the Lair of Beasts)
 31329 | Lair:5   | Reached ****** piety under Okawaru
 32732 | Lair:5   | Reached skill level 12 in Spellcasting
 32961 | Lair:5   | Reached skill level 5 in Invocations
 34829 | D:12     | Received a gift from Okawaru
 34830 | D:12     | Got an ichor-stained rapier {god gift}
 35673 | D:12     | Found a staircase to the Orcish Mines.
 36173 | D:13     | Found a transporter.
 36555 | D:13     | Noticed Kayxt's ghost (novice DEWz)
 36579 | D:13     | Identified the +4 rapier "Urchogoj" {drain, rC+} (Okawaru
                  | gifted it to you on level 12 of the Dungeon)
 36587 | D:13     | Noticed Jorgrun
 36605 | D:13     | HP: 2/131 [Jorgrun/+0 vorpal quarterstaff (15)]
 37618 | D:10     | Upgraded the game from 0.25-a0-583-g696c2ac to
                  | 0.25-a0-589-g1e14c54
 38654 | D:11     | Received a gift from Okawaru
 38747 | Orc:1    | Entered Level 1 of the Orcish Mines
 38749 | Orc:1    | Found Racu's Antique Weapon Emporium.
 38990 | Orc:2    | Entered Level 2 of the Orcish Mines
 39828 | D:12     | Found a staircase to the Orcish Mines.
 39966 | D:12     | Found Kighezuo's Book Shop.
 40323 | Orc:2    | Reached skill level 10 in Maces & Flails
 40439 | Orc:2    | Found a staircase to the Elven Halls.
 41176 | Orc:2    | Reached skill level 13 in Spellcasting
 41176 | Orc:2    | Reached XP level 14. HP: 108/141 MP: 29/31
 41383 | Orc:2    | HP: 7/141 [sixfirhy[an orc sorcerer] (9)]
 41920 | Orc:2    | Noticed an orc warlord
 41920 | Orc:2    | Noticed Urug
 41928 | Orc:2    | Noticed Urug
 41928 | Orc:2    | Urug changed into Urug the komodo dragon
 41987 | Orc:1    | Killed Urug the komodo dragon
 42346 | Orc:2    | Killed an orc warlord
 43413 | Orc:1    | Noticed an orc warlord
 43798 | Orc:2    | Received a gift from Okawaru
 44362 | Orc:2    | Found Sadus's Antique Armour Shop.
 44363 | Orc:2    | Found Xad Neigg's Antique Weapon Boutique.
 44367 | Orc:2    | Found Ofagij's General Store.
 44367 | Orc:2    | Found Caxol's Book Shop.
 44402 | Orc:2    | Bought a scroll of identify for 20 gold pieces
 44402 | Orc:2    | Bought a scroll of amnesia for 35 gold pieces
 44675 | Elf:1    | Entered Level 1 of the Elven Halls
 44971 | D:13     | Received a gift from Okawaru
 46625 | Lair:6   | Reached skill level 14 in Spellcasting
 47094 | Lair:6   | Noticed a dire elephant
 47094 | Lair:6   | Noticed a dire elephant
 47302 | Snake:1  | Entered Level 1 of the Snake Pit
 48141 | Snake:1  | Received a gift from Okawaru
 48542 | Snake:1  | Reached skill level 10 in Fighting
 49311 | Snake:1  | Found Bimot's Book Shop.
 49328 | Snake:1  | Found Laomnomar's Book Boutique.
 50763 | Snake:1  | Reached XP level 15. HP: 72/149 MP: 23/33
 51504 | Snake:2  | Noticed Donald
 52036 | Snake:2  | Noticed a nagaraja
 52069 | Snake:2  | Killed a nagaraja
 52820 | Snake:1  | Reached skill level 15 in Spellcasting
 54086 | Snake:1  | Learned a level 6 spell: Shadow Creatures
 54168 | Snake:2  | Noticed a nagaraja
 54174 | Snake:2  | Killed a nagaraja
 54294 | Snake:2  | Received a gift from Okawaru
 54610 | Shoals:1 | Entered Level 1 of the Shoals
 54623 | Shoals:1 | Received a gift from Okawaru
 54626 | Shoals:1 | Got a fine robe {god gift}
 54788 | Shoals:1 | Noticed Frances
 54871 | Lair:3   | Reached skill level 10 in Dodging
 55872 | D:13     | Found a transporter.
 56261 | D:13     | Killed Jorgrun
 57166 | D:13     | Found a gate to the Vaults.
 58984 | D:13     | Identified the +2 robe of the Ninety-Nine Dances {Dex+5}
                  | (Okawaru gifted it to you on level 1 of the Shoals)
 59235 | D:14     | You fall into a shaft and drop 1 floor!
 59235 | D:15     | Entered Level 15 of the Dungeon
 59679 | D:15     | Identified the ring "Kireig" {*Drain rElec rN+ EV+4 Slay+3}
 59786 | D:15     | Noticed Azrael
 59805 | D:15     | Killed Azrael
 59939 | D:15     | Received a gift from Okawaru
 59940 | D:15     | Got a slimy giant spiked club {god gift}
 60216 | D:15     | Reached skill level 16 in Spellcasting
 60391 | D:15     | Identified the +11 great sword "Umuateb" {vorpal, Dex+3}
 60623 | D:15     | Reached skill level 5 in Air Magic
 60623 | D:15     | Reached XP level 16. HP: 91/159 MP: 16/36
 61560 | D:15     | Found a staircase to the Depths.
 61571 | D:15     | Received a gift from Okawaru
 61959 | D:15     | Found Esoilof's Distillery.
 61984 | D:15     | Bought a potion of experience for 800 gold pieces
 61984 | D:15     | Bought a potion of haste for 160 gold pieces
 61984 | D:15     | Bought a potion of heal wounds for 80 gold pieces
 61984 | D:15     | Bought a potion of heal wounds for 80 gold pieces
 61984 | D:15     | Reached XP level 17. HP: 167/167 MP: 27/37
 62689 | Snake:2  | Killed Donald
 63737 | Snake:3  | Reached skill level 1 in Shields
 67445 | D:15     | Found Cumake Idadd's Food Boutique.
 67458 | D:15     | Bought a ration for 60 gold pieces
 67458 | D:15     | Bought a ration for 60 gold pieces
 67458 | D:15     | Bought a ration for 60 gold pieces
 67458 | D:15     | Bought a ration for 60 gold pieces
 67458 | D:15     | Bought a ration for 60 gold pieces
 67458 | D:15     | Bought a ration for 60 gold pieces
 67458 | D:15     | Bought a ration for 60 gold pieces
 67458 | D:15     | Bought a ration for 60 gold pieces
 67458 | D:15     | Bought a ration for 60 gold pieces
 67458 | D:15     | Bought a ration for 60 gold pieces
 67458 | D:15     | Bought a ration for 60 gold pieces
 67458 | D:15     | Bought a ration for 60 gold pieces
 67458 | D:15     | Bought a ration for 60 gold pieces
 67503 | D:15     | Received a gift from Okawaru
 67504 | D:15     | Noticed Kirke
 67519 | D:15     | Killed Kirke
 67670 | D:15     | Identified the +6 giant spiked club "Buvic" {vorpal,
                  | Fragile rF+ rN+ Int+3} (Okawaru gifted it to you on level
                  | 15 of the Dungeon)
 67885 | D:15     | Got a transparent robe
 67914 | D:15     | Received a gift from Okawaru
 68196 | D:15     | Found Botuono's Book Boutique.
 68772 | D:15     | Received a gift from Okawaru
 69341 | D:15     | Got a smoking bone ring
 69342 | D:15     | Identified the ring "Araakesa" {*Slow +Fly rF+ Str+3 Int+3}
                  | (You found it on level 15 of the Dungeon)
 69479 | D:15     | Got a crude marble ring
 69480 | D:15     | Identified the ring of the Princeling {rN+ Int+3} (You
                  | found it on level 15 of the Dungeon)
 69539 | Depths:1 | Entered Level 1 of the Depths
 70300 | Snake:3  | Reached skill level 17 in Spellcasting
 71379 | Snake:4  | Entered Level 4 of the Snake Pit
 71860 | Snake:4  | Received a gift from Okawaru
 71873 | Snake:4  | Got a warped morningstar {god gift}
 72889 | Snake:4  | Reached XP level 18. HP: 127/179 MP: 24/39
 73158 | Snake:4  | Reached skill level 5 in Shields
 73312 | Snake:4  | Received a gift from Okawaru
 73315 | Snake:4  | Got an ancient giant spiked club {god gift}
 73318 | Snake:4  | Identified the +0 giant spiked club of Wrongful
                  | Imprisonment {venom, Int-2 Dex+5} (Okawaru gifted it to you
                  | on level 4 of the Snake Pit)
 74824 | Snake:4  | Received a gift from Okawaru
 74825 | Snake:4  | Got a heavily runed cloak {god gift}
 74897 | Snake:3  | Identified the +3 cloak of the Snake Pit {rElec rC- rCorr
                  | Slay+5} (Okawaru gifted it to you on level 4 of the Snake
                  | Pit)
 77769 | Snake:4  | Reached skill level 10 in Summonings
 78401 | Snake:4  | Got a serpentine rune of Zot
 78895 | Vaults:1 | Entered Level 1 of the Vaults
 79306 | D:13     | Gained mutation: You have a pair of small horns on your
                  | head. [potion of mutation]
 79306 | D:13     | Gained mutation: Your magical capacity is low. (-10% MP)
                  | [potion of mutation]
 79306 | D:13     | Gained mutation: Your movements are slightly less
                  | encumbered by armour. (ER -2) [potion of mutation]
 79385 | Vaults:1 | Identified the +3 morningstar of Dishonesty {pain, *Noise
                  | Str+3 Dex+7} (Okawaru gifted it to you on level 4 of the
                  | Snake Pit)
 80102 | Vaults:1 | Received a gift from Okawaru
 81108 | Vaults:1 | Reached XP level 19. HP: 131/189 MP: 28/36
 82198 | Vaults:1 | Reached skill level 18 in Spellcasting
 82766 | Shoals:1 | Killed Frances
 83398 | Shoals:2 | Received a gift from Okawaru
 83517 | Shoals:2 | Found Sivesu's Superlative Supplies.
 84410 | Shoals:1 | Found Otoakh's Book Shop.
 84585 | Shoals:2 | Bought a manual of Shields for 1104 gold pieces
 87296 | Shoals:4 | Entered Level 4 of the Shoals
 88644 | Shoals:4 | Got a barnacled rune of Zot
 89246 | Elf:1    | Received a gift from Okawaru
 89442 | Elf:1    | Identified the Grimoire of Battle Magic
 90392 | Elf:1    | Found Gauqimol's Armour Emporium.
 90897 | Elf:1    | Received a gift from Okawaru
 91228 | Elf:2    | Found a huge runed translucent gate.
 91228 | Elf:2    | Found a huge runed translucent gate.
 91228 | Elf:2    | Found a huge runed translucent gate.
 91228 | Elf:2    | Found a huge runed translucent gate.
 91230 | Elf:2    | Found a huge runed translucent gate.
 91528 | Elf:2    | Reached XP level 20. HP: 201/201 MP: 28/38
 91853 | Elf:3    | Entered Level 3 of the Elven Halls
 91853 | Elf:3    | Found Arrea's Jewellery Boutique.
 92345 | Lair:1   | Reached skill level 10 in Shields
 93472 | Elf:3    | Received a gift from Okawaru
 94639 | Elf:3    | Identified the cursed +1 hand axe "Nimecs" {elec, Fragile
                  | rF++ Int+2}
 95323 | Elf:3    | Reached skill level 19 in Spellcasting
 96744 | Elf:3    | Received a gift from Okawaru
 97204 | Elf:3    | Identified the cursed +3 falchion "Rudy" {drain, MR- Str+2
                  | Int+6}
 98518 | Elf:3    | Bought the ring "Feis" {Ice rN+ MR++ Str-4 Dex+2} for 484
                  | gold pieces
 98518 | Elf:3    | Bought a +6 amulet of reflection for 702 gold pieces
 98698 | D:15     | Received a gift from Okawaru
 99718 | Depths:1 | Found a one-way gate leading to the halls of Pandemonium.
 99791 | Depths:1 | Received a gift from Okawaru
 99940 | Depths:1 | Received a gift from Okawaru
 99940 | Depths:1 | Reached XP level 21. HP: 122/211 MP: 3/39
100217 | Depths:1 | Found a gateway to Hell.
100459 | Depths:1 | Found Suidef's Armour Shop.
100700 | Depths:1 | Learned a level 5 spell: Silence
100831 | Depths:2 | Received a gift from Okawaru
101409 | Depths:2 | Received a gift from Okawaru
101429 | Depths:2 | Got a jewelled kite shield {god gift}
101432 | Depths:2 | Identified the +3 kite shield "Lysmetz" {Int+4} (Okawaru
                  | gifted it to you on level 2 of the Depths)
101895 | Depths:2 | Found Syetih's Armour Boutique.
102098 | Depths:2 | Noticed a caustic shrike
102616 | Shoals:2 | Bought a scarf of resistance for 320 gold pieces
103351 | Vaults:2 | Reached skill level 1 in Armour
104865 | Vaults:3 | Reached skill level 15 in Maces & Flails
104956 | Vaults:3 | Found a staircase to the Crypt.
105075 | Vaults:3 | Received a gift from Okawaru
105446 | Vaults:3 | Reached skill level 20 in Spellcasting
106524 | Elf:3    | Learned a level 5 spell: Borgnjor's Vile Clutch
106983 | Depths:2 | Noticed a juggernaut
107004 | Depths:2 | Killed a juggernaut
107108 | Depths:2 | Reached XP level 22. HP: 199/224 MP: 23/41
107273 | Depths:2 | Killed a caustic shrike
108522 | Depths:2 | Received a gift from Okawaru
108653 | Depths:2 | Identified the +3 leather armour of the Hills {*Drain
                  | Regen+ Int+3}
109423 | Depths:2 | Reached skill level 5 in Armour
109423 | Depths:2 | Reached skill level 21 in Spellcasting
109676 | Depths:2 | Received a gift from Okawaru
110396 | Depths:2 | Received a gift from Okawaru
110679 | Depths:3 | Reached skill level 15 in Fighting
111801 | Depths:3 | Found a gateway to a ziggurat.
111827 | Depths:3 | Reached skill level 10 in Throwing
112183 | Depths:3 | Reached XP level 23. HP: 176/235 MP: 43/43
112348 | Depths:3 | Noticed an ancient lich
112365 | Depths:3 | Killed an ancient lich
113396 | Depths:3 | Received a gift from Okawaru
113410 | Depths:3 | Noticed a juggernaut
113415 | Depths:3 | Killed a juggernaut
114285 | Depths:4 | Received a gift from Okawaru
114290 | Depths:4 | Identified the +3 troll leather armour "Enol" {rElec rF+
                  | Regen+} (Okawaru gifted it to you on level 4 of the Depths)
114797 | Depths:4 | Found a one-way gate to the infinite horrors of the Abyss.
115655 | Depths:4 | Reached skill level 22 in Spellcasting
116329 | Depths:4 | Noticed a golden dragon
116341 | Depths:4 | Killed a golden dragon
116941 | Depths:4 | Noticed a juggernaut
116942 | Depths:4 | Identified the ring "Zaseamer" {+Blink rPois Str+5 Int-3
                  | Stlth-}
118394 | Depths:4 | Received a gift from Okawaru
118405 | Depths:4 | Noticed the Enchantress
118427 | Depths:4 | Killed the Enchantress
118428 | Depths:4 | Identified the cursed +0 dagger of Big Damage {venom, MR+
                  | Int+3}
118431 | Depths:4 | Reached skill level 10 in Air Magic
118431 | Depths:4 | Reached XP level 24. HP: 219/248 MP: 32/44
118464 | Depths:4 | Identified the cursed +1 robe of Tiarouc {rElec}
119717 | Depths:4 | Killed a juggernaut
119883 | Depths:4 | Identified the Catalogue of Assistive Weightlessness
120272 | Depths:5 | Entered Level 5 of the Depths
120277 | Depths:5 | Noticed a caustic shrike
120277 | Depths:5 | Noticed a caustic shrike
120277 | Depths:5 | Noticed a caustic shrike
120277 | Depths:5 | Noticed a caustic shrike
120297 | Depths:4 | Killed a caustic shrike
120301 | Depths:4 | Killed a caustic shrike
120626 | Depths:4 | Killed a caustic shrike
120626 | Depths:4 | Received a gift from Okawaru
120747 | Depths:4 | Killed a caustic shrike
120988 | Depths:5 | Reached skill level 23 in Spellcasting
122086 | Depths:5 | Received a gift from Okawaru
122547 | Depths:5 | Learned a level 1 spell: Summon Butterflies
122893 | Depths:5 | Found a gate to the Realm of Zot.
123794 | Vaults:3 | Received a gift from Okawaru
124117 | D:15     | Bought a manual of Dodging for 1876 gold pieces
124793 | Vaults:3 | Received a gift from Okawaru
124977 | Vaults:3 | Reached skill level 24 in Spellcasting
125403 | Vaults:3 | You fall into a shaft and drop 1 floor!
125707 | Vaults:4 | Found a shimmering altar of Xom.
126090 | Vaults:4 | Received a gift from Okawaru
126197 | Vaults:4 | Reached XP level 25. HP: 240/258 MP: 45/45
126483 | Vaults:4 | Received a gift from Okawaru
127232 | Vaults:4 | Reached skill level 15 in Shields
127652 | Vaults:5 | Entered Level 5 of the Vaults
128069 | Vaults:5 | HP: 12/262 [shadow dragon (6)]
128224 | Vaults:5 | HP: 4/262 [ice dragon/blast of cold (30)]
128359 | Vaults:5 | Received a gift from Okawaru
128569 | Vaults:5 | Identified the amulet of Joagulah {Harm *Drain Dex+2}
128572 | Vaults:5 | Identified Wooxiruesu's Reference Book on the Snowflakes
                  | and Stones
130785 | Vaults:5 | Received a gift from Okawaru
130988 | Vaults:5 | Received a gift from Okawaru
132084 | Vaults:5 | Reached XP level 26. HP: 212/273 MP: 46/46
132781 | Vaults:5 | Received a gift from Okawaru
133061 | Vaults:5 | Got a silver rune of Zot
133187 | Vaults:5 | Identified the +7 demon blade of Exoneration {drain, +Rage
                  | rElec Int-5 Dex+3}
133657 | Vaults:5 | Identified the +2 mace of Duantif {elec, rN+ Int-5 Dex+2}
134150 | Zot:1    | Entered Level 1 of the Realm of Zot
134244 | Zot:1    | Received a gift from Okawaru
135164 | Orc:2    | Bought a Grand Grimoire for 1214 gold pieces
135175 | Orc:2    | Learned a level 7 spell: Malign Gateway
135183 | Orc:2    | Learned a level 7 spell: Summon Greater Demon
135191 | Orc:2    | Learned a level 7 spell: Monstrous Menagerie
135604 | Zot:1    | Received a gift from Okawaru
135607 | Zot:1    | Identified the +2 robe of Vimiheuk {*Contam MR+++ Regen+
                  | Int+3} (Okawaru gifted it to you on level 1 of the Realm of
                  | Zot)
137659 | Zot:2    | Identified the +4 dragonskin cloak
137659 | Zot:2    | Noticed Tiamat
139230 | D:13     | Received a gift from Okawaru
139241 | D:13     | Killed Kayxt's ghost
139269 | D:13     | Identified the +5 giant spiked club "Vimuuseh" {drain, rC-
                  | rN+ Str+7} (Okawaru gifted it to you on level 13 of the
                  | Dungeon)
139509 | Shoals:2 | Bought an uncursed staff of summoning for 250 gold pieces
141270 | Zot:2    | Killed Tiamat
141270 | Zot:2    | Received a gift from Okawaru
141270 | Zot:2    | Reached skill level 25 in Spellcasting
142098 | Zot:2    | Received a gift from Okawaru
143157 | Zot:1    | Received a gift from Okawaru
143764 | Zot:1    | Reached XP level 27. HP: 226/283 MP: 46/46
144419 | Zot:2    | Reached skill level 1 in Translocations
145295 | Zot:2    | Received a gift from Okawaru
145298 | Zot:2    | Identified the +2 hat of Mowuskot {Str+2} (Okawaru gifted
                  | it to you on level 2 of the Realm of Zot)
147120 | Zot:4    | Was placed under penance by Okawaru
148078 | Temple   | Fell from the grace of Okawaru
148078 | Temple   | Became a worshipper of the Shining One
148440 | Depths:3 | Identified the +2 morningstar of Valiance {freeze, Str-4
                  | Int+4 Dex+7 SInv} (Okawaru gifted it to you on level 3 of
                  | the Depths)
148448 | Depths:3 | Identified the +7 flail of the Evil Eye {vorpal, MR- Str+6}
                  | (You found it on level 3 of the Depths)
148556 | Depths:4 | Identified the +11 morningstar of Fee Simple {venom, +Rage
                  | rF+ Str+2} (Okawaru gifted it to you on level 4 of the
                  | Depths)
148669 | Zot:1    | Identified the +8 morningstar "Uwnesel" {vorpal, +Blink
                  | rF++ Str+3 Stlth+} (Okawaru gifted it to you on level 1 of
                  | the Realm of Zot)
148766 | Depths:4 | Voluntarily entered the Abyss.
148843 | Abyss:1  | Gained mutation: You are frail. (-10% HP) [a cacodemon]
149002 | Abyss:3  | Reached * piety under the Shining One
149256 | Abyss:3  | Found a corrupted altar of Lugonu.
149499 | Abyss:3  | Reached ** piety under the Shining One
149638 | Abyss:3  | Gained mutation: You are very frail. (-20% HP) [a neqoxec]
149640 | Abyss:3  | Gained mutation: You are dopey. (Int -2) [a neqoxec]
149673 | Depths:4 | Escaped the Abyss
149827 | Depths:4 | Voluntarily entered the Abyss.
149827 | Abyss:1  | Identified a scroll of acquirement
149827 | Abyss:1  | Reached *** piety under the Shining One
150307 | Abyss:1  | Reached **** piety under the Shining One
150356 | Depths:4 | Escaped the Abyss
150365 | Depths:4 | Voluntarily entered the Abyss.
150394 | Abyss:1  | Reached skill level 15 in Dodging
150527 | Abyss:1  | Reached ***** piety under the Shining One
150534 | Abyss:1  | Identified the Papyrus of Creative Hexes
150769 | Abyss:1  | Reached skill level 5 in Translocations
150950 | Abyss:1  | Paralysed by accursed screaming for 1 turns
150974 | Depths:4 | Escaped the Abyss
152001 | Depths:4 | Voluntarily entered the Abyss.
152242 | Abyss:1  | Reached skill level 15 in Summonings
152336 | Abyss:1  | Reached ****** piety under the Shining One
152337 | Abyss:1  | Identified a +9 eveningstar of holy wrath (a +9 eveningstar
                  | of draining blessed by the Shining One)
152337 | Abyss:1  | Received a gift from the Shining One
152650 | Abyss:2  | Found a corrupted altar of Lugonu.
152658 | Abyss:2  | Paralysed by accursed screaming for 1 turns
152983 | Depths:4 | Escaped the Abyss
154022 | Depths:4 | Learned a level 4 spell: Passage of Golubria
154022 | Depths:4 | Identified the ring of Gilaot {MR+ EV+2 Dex+2 Slay+4} (You
                  | acquired it on level 4 of the Depths)
154192 | Zot:4    | HP: 6/229 [titan/the air[the fury of Okawaru] (19)]
154197 | Zot:4    | Killed from afar by a titan

Levels and vault maps discovered:
D:1:      dpeg_arrival_court, layout_basic
D:2:      kennysheep_the_goblin_king, layout_basic,
          chequers_ecumenical_altar_island
D:3:      layout_loops_corners, chequers_temple_overflow_minitemple
D:4:      layout_cave_pods, temple_fountains, first_ration
D:5:      layout_basic, nemelex_altar_shiori
D:6:      layout_loops_ring, uniq_eustachio
D:7:      layout_loops_ring, elyvilon_altar_4, grunt_livestock, minmay_shop_mass
D:8:      layout_cave_pools, nicolae_overflow_hidden_temple, lair_entry_dummy,
          kennysheep_opposing_triangles
D:9:      layout_roguey
D:10:     layout_roguey, bh_circular_ruins
D:11:     layout_loops_ring, serial_bayou_pond_d, minivault_27
D:12:     layout_rooms, zombieorc1_lemuel, serial_shops, nicolae_shop_stone,
          st_stairs_6
D:13:     layout_basic, david_vaults_1, gammafunk_ghost_berserking_beasts,
          uniq_jorgrun
D:14:     layout_roguey, gauntlet_entry_generic, hex_medium
D:15:     hangedman_spin_cycle, serial_shops
Temple:   minmay_temple_bridge_d
Lair:1:   layout_regular_city, minmay_shattered_shrine
Lair:2:   layout_chaotic_city, minmay_snake_entry_guardpost_small,
          infiniplex_staircase_pool_2, grunt_megastairs_1
Lair:3:   layout_regular_city, shoals_dummy_entry,
          portal_ice_cave_entry_pillars_1, hangedman_lair_unloving_vines,
          minmay_lair_oklob_chamber, serial_bayou_shore_b
Lair:4:   layout_gridlike, serial_bayou_shore_b
Lair:5:   onia_ninara_swampy_vault, layout_loops_ring
Lair:6:   due_jungle_book, layout_long_grid, slime_altar_1, grunt_megastairs_2,
          infiniplex_staircase_pool
Shoals:1: layout_shoals, serial_shops, nicolae_shop_trees, uniq_frances
Shoals:2: layout_shoals, nicolae_shoals_seven_spires, nicolae_alphabet_shops
Shoals:3: layout_shoals, nicolae_shoals_siren_and_animal_friends
Shoals:4: shoals_end_hangedman, layout_shoals
Snake:1:  minmay_snake_river, layout_gridlike, minmay_shoptagon
Snake:2:  layout_onion, grunt_ministairs_2, corexii_hall_statues_x, uniq_donald
Snake:3:  layout_basic
Snake:4:  johnstein_snake_rune_scales, layout_misc_corridors
Orc:1:    layout_caves, serial_shops, nicolae_shop_stone, nicolae_orc_rockfall
Orc:2:    st_orc_congregation, layout_diamond_mine, uniq_urug
Elf:1:    layout_geoelf_octagon, serial_shops, shop, minmay_elf_annihilation
Elf:2:    layout_geoelf_diagonals, serial_corexii_hall, corexii_hall_statues_s,
          corexii_hall_statues_i
Elf:3:    minmay_elf_hall_spiked, layout_geoelf_octagon, serial_shops,
          nicolae_shop_crystal, kilobyte_mutagenic_chamber
Vaults:1: v_rooms_6, v_alt_pattern_2, vaults_room_grunt_arrival_ludios,
          ontoclasm_vaults_gallery, ontoclasm_vaults_fault,
          ontoclasm_vaults_claustrophobia, vaults_room_door_hall, v_pattern_3,
          nicolae_vaults_windows_and_doors_thing, vaults_room_hallway,
          nicolae_vaults_ring_of_whatevers, ontoclasm_vaults_idyll,
          layout_vaults_omnigrid
Vaults:2: nicolae_vaults_mini_display_case, serial_ice_m, grunt_vaults_twisty,
          nicolae_vaults_shelves_hall, layout_vaults_big_room
Vaults:3: hangedman_vaults_stitches, blue_anna_dwarven_crypt, st_octagons_1,
          v_pattern_5, nicolae_vaults_angled_halls, nicolae_vaults_theta,
          vaults_room_pools, vaults_mumra_minichess_inversion,
          vaults_mumra_minichess, ontoclasm_vaults_loading_screen,
          v_alt_pattern_1, layout_vaults_omnibox
Vaults:4: st_eye, vaults_mumra_hexcomb, v_rooms_6, v_misc_18,
          ontoclasm_vaults_eye, grunt_vaults_swirl, v_rooms_6,
          ontoclasm_vaults_ring_large, vaults_dpeg_spiral, layout_vaults_ring,
          basic_altar
Vaults:5
Depths:1: layout_cave_pools, rand_demon_pan_entry_5, hell_entry, chequers_jeans,
          serial_shops, kennysheep_little_box, minivault_1,
          hangedman_decor_points, kennysheep_decorative_pillar,
          hangedman_decor_riveting, minmay_microvault
Depths:2: hangedman_box_tower, layout_gridlike, serial_shops, shop,
          rand_demon_pan_entry_7, hell_entry, serial_sigils,
          serial_sigils_hangedman_carve, serial_sigils_hangedman_shear,
          serial_sigils_hangedman_shear, serial_sigils_hangedman_quiver,
          serial_sigils_hangedman_writhe, serial_sigils_hangedman_quiver
Depths:3: giant_chief_lemuel, layout_long_grid, enter_ziggurat_a,
          minmay_misc_feat_five, rand_demon_pan_entry_3, hell_entry,
          minmay_librarian, minmay_staircase_bubble, serial_bayou_shore_a,
          serial_bayou_shore_b
Depths:4: gammafunk_depths_water_palace, layout_basic, grunt_hell_entry_dis_mu,
          hangedman_abyss_or_decor_clamps, abyss_entry
Depths:5: grunt_zot_entry_bicorn, layout_honeycomb, hangedman_coc_ice_floe,
          serial_bayou_pond_e, minmay_misc_feat_rugged, serial_bayou_shore_b,
          serial_bayou_shore_b
Zot:1:    layout_onion
Zot:2:    layout_onion_interference, hangedman_zot_gyre, hangedman_zot_spectrum,
          uniq_tiamat
Zot:3:    layout_misc_corridors, st_stairs_13
Zot:4:    layout_gridlike, hangedman_player_shredder

Skill      XL: |  1  2  3  4  5  6  7  8  9 10 11 12 13 14 15 16 17 18 19 20 21 22 23 24 25 26 27 |
---------------+----------------------------------------------------------------------------------+-----
Fighting       | 3 4 5 6 7 8 9 10 11 12 13 14 15 16 17 18 19 | 19.1
Dodging        | 2 3 4 5 6 7 8 9 10 11 12 13 15 | 15.6
Short Blades   | 2 |  2.1
Spellcasting   | 2 3 4 5 6 9 11 13 14 16 17 18 19 20 21 22 24 25 | 25.5
Maces & Flails | 1 2 3 5 6 7 8 9 10 11 12 13 14 15 16 | 16.9
Throwing       | 1 2 3 4 5 6 7 8 9 10 11 | 11.5
Necromancy     | 1 2 3 4 5 6 |  6.1
Summonings     | 1 2 3 5 6 7 8 9 10 11 12 14 15 | 15.0
Air Magic      | 1 2 3 5 6 7 8 9 10 11 | 11.5
Invocations    | 3 5 |  5.0
Evocations     | 2 |  2.1
Shields        | 4 7 9 11 13 14 15 16 | 16.8
Armour         | 3 5 6 7 8 |  8.1
Translocations | 5 |  5.5
Stealth        | |  1.4

Action                   |  1- 3 |  4- 6 |  7- 9 | 10-12 | 13-15 | 16-18 | 19-21 | 22-24 | 25-27 || total
-------------------------+-------+-------+-------+-------+-------+-------+-------+-------+-------++-------
Melee: Short sword       |   146 |    86 |       |       |       |       |       |       |       ||   232
       Club              |       |    84 |   293 |   814 |   667 |       |       |       |       ||  1858
       Eveningstar       |       |       |       |       |   218 |   718 |   947 |  1024 |  1242 ||  4149
       Headbutt          |       |       |       |       |       |    30 |   186 |   222 |   512 ||   950
       Staff             |       |       |       |       |       |       |       |       |   144 ||   144
       Morningstar       |       |       |       |       |       |       |       |       |   616 ||   616
 Fire: Hunting sling     |       |    71 |    49 |    16 |       |       |       |       |       ||   136
Throw: Dart              |     6 |     6 |     4 |    24 |    12 |     2 |       |       |       ||    54
       Large rock        |       |       |    18 |    51 |   160 |    81 |   132 |   204 |    94 ||   740
       Javelin           |       |       |       |    34 |    17 |    36 |    19 |    70 |    10 ||   186
 Cast: Animate Skeleton  |       |    22 |    22 |    61 |    21 |     1 |       |       |       ||   127
       Call Canine Famil |       |       |     1 |    84 |    93 |    50 |    13 |       |     2 ||   243
       Animate Dead      |       |       |       |     1 |    33 |    22 |     3 |     1 |     7 ||    67
       Blink             |       |       |       |    14 |    33 |     9 |     3 |    12 |    21 ||    92
       Confusing Touch   |       |       |       |     3 |     2 |     1 |       |       |       ||     6
       Pain              |       |       |       |     3 |       |       |       |       |       ||     3
       Vampiric Draining |       |       |       |     2 |       |       |       |       |       ||     2
       Call Imp          |       |       |       |   104 |    77 |       |       |       |       ||   181
       Sticks to Snakes  |       |       |       |    37 |    17 |       |       |       |       ||    54
       Summon Lightning  |       |       |       |    13 |   189 |   102 |    55 |    35 |     4 ||   398
       Airstrike         |       |       |       |     2 |    83 |    59 |   149 |   112 |    53 ||   458
       Summon Mana Viper |       |       |       |       |    38 |    58 |    90 |    20 |    37 ||   243
       Shadow Creatures  |       |       |       |       |    12 |    29 |    50 |    76 |   207 ||   374
       Apportation       |       |       |       |       |       |     2 |     1 |     1 |     4 ||     8
       Silence           |       |       |       |       |       |       |       |     1 |       ||     1
       Summon Butterflie |       |       |       |       |       |       |       |     2 |     5 ||     7
       Borgnjor's Vile C |       |       |       |       |       |       |       |       |     1 ||     1
       Monstrous Menager |       |       |       |       |       |       |       |       |     3 ||     3
Invok: Heroism           |       |       |       |     1 |       |     2 |     1 |     2 |     1 ||     7
       Finesse           |       |       |       |       |       |       |     1 |     1 |       ||     2
       Cleansing Flame   |       |       |       |       |       |       |       |       |     5 ||     5
       Divine Shield     |       |       |       |       |       |       |       |       |     1 ||     1
       Brand Weapon With |       |       |       |       |       |       |       |       |     1 ||     1
 Abil: Evoke Invisibilit |       |       |       |     1 |       |     1 |       |       |       ||     2
Evoke: Phial of floods   |     1 |     1 |     1 |     2 |     3 |     1 |       |     1 |     1 ||    11
       Wand              |       |     4 |    10 |    25 |     5 |     3 |       |     7 |       ||    54
       Box of beasts     |       |       |       |     4 |     8 |       |     2 |       |       ||    14
       Lamp of fire      |       |       |       |       |       |       |       |       |     1 ||     1
  Use: Scroll            |       |     5 |    12 |    21 |    21 |    12 |    26 |    18 |    32 ||   147
       Potion            |       |     1 |     4 |     8 |    16 |     5 |     7 |     9 |    20 ||    70
 Stab: Sleeping          |     4 |       |     1 |     1 |       |       |       |       |       ||     6
       Paralysed         |       |       |     6 |     9 |    11 |       |       |     2 |       ||    28
       Distracted        |       |       |       |    14 |    18 |    14 |    10 |    10 |    16 ||    82
       Confused          |       |       |       |     4 |     1 |       |       |       |       ||     5
       Invisible         |       |       |       |       |       |       |       |     6 |       ||     6
  Eat: Chunk             |     2 |    14 |    14 |    30 |    30 |    16 |    52 |    46 |    10 ||   214
       Ration            |       |       |     6 |    10 |    22 |    18 |    12 |     7 |    28 ||   103
Armor: Robe              |    60 |    48 |    56 |    33 |       |       |       |       |       ||   197
       Acid dragon scale |       |       |       |   242 |   360 |   322 |       |       |       ||   924
       Quicksilver drago |       |       |       |       |       |    13 |   245 |    70 |       ||   328
       Fire dragon scale |       |       |       |       |       |       |       |    73 |   384 ||   457
Dodge: Dodged            |    98 |   129 |   172 |   502 |   552 |   693 |   624 |   381 |   733 ||  3884
Block: Other             |       |       |       |     8 |    59 |    61 |    21 |       |       ||   149
       Reflection        |       |       |       |       |     6 |     8 |   102 |    79 |    97 ||   292
       Kite shield       |       |       |       |       |       |       |   598 |   984 |  1907 ||  3489

Table legend:
 A = Non-vault XP
 B = Vault XP
 C = Vault XP percentage of total XP
 D = Non-vault monster count
 E = Vault monster count
 F = Vault count percentage of total count
                 A         B        C        D         E       F
            +---------+---------+-------+---------+---------+-------
      Total |  751849 |  634306 |  45.8 |    1619 |     864 |  34.8
            +---------+---------+-------+---------+---------+-------
        D:1 |      87 |       0 |   0.0 |      18 |       0 |   0.0
        D:2 |      50 |      44 |  46.8 |      20 |       7 |  25.9
        D:3 |     124 |       0 |   0.0 |      30 |       0 |   0.0
        D:4 |     288 |       0 |   0.0 |      22 |       0 |   0.0
        D:5 |     248 |       0 |   0.0 |      11 |       0 |   0.0
        D:6 |    1504 |     368 |  19.7 |      29 |       2 |   6.5
        D:7 |     739 |     727 |  49.6 |      27 |       4 |  12.9
        D:8 |    5315 |      62 |   1.2 |      37 |       4 |   9.8
        D:9 |     660 |       0 |   0.0 |       6 |       0 |   0.0
       D:10 |    3249 |      43 |   1.3 |      23 |       2 |   8.0
       D:11 |    4908 |       0 |   0.0 |      25 |       0 |   0.0
       D:12 |    3910 |     637 |  14.0 |      25 |      29 |  53.7
       D:13 |    8042 |    6819 |  45.9 |      25 |      13 |  34.2
       D:14 |    8904 |    1553 |  14.9 |      32 |       2 |   5.9
       D:15 |    3242 |   28900 |  89.9 |       5 |      69 |  93.2
     Lair:1 |    2992 |    3815 |  56.0 |      20 |       9 |  31.0
     Lair:2 |    2976 |     361 |  10.8 |      24 |       4 |  14.3
     Lair:3 |    3582 |    1835 |  33.9 |      21 |       4 |  16.0
     Lair:4 |    2626 |     696 |  21.0 |      14 |       1 |   6.7
     Lair:5 |   11024 |    3567 |  24.4 |      45 |      11 |  19.6
     Lair:6 |    5421 |    1173 |  17.8 |      17 |       4 |  19.0
   Shoals:1 |    6380 |    1614 |  20.2 |      13 |       1 |   7.1
   Shoals:2 |    9795 |       0 |   0.0 |      19 |       0 |   0.0
   Shoals:3 |   13599 |    3738 |  21.6 |      29 |       9 |  23.7
   Shoals:4 |    7589 |    7408 |  49.4 |      20 |      14 |  41.2
    Snake:1 |   11563 |    2831 |  19.7 |      38 |      16 |  29.6
    Snake:2 |    8540 |    2032 |  19.2 |      21 |       6 |  22.2
    Snake:3 |   22590 |       0 |   0.0 |      56 |       0 |   0.0
    Snake:4 |   24038 |   30512 |  55.9 |      60 |      65 |  52.0
      Orc:1 |     550 |     330 |  37.5 |      16 |       2 |  11.1
      Orc:2 |    4882 |    7568 |  60.8 |      43 |      62 |  59.0
      Elf:1 |   19741 |    6088 |  23.6 |      38 |       9 |  19.1
      Elf:2 |    6948 |    1826 |  20.8 |      13 |       2 |  13.3
      Elf:3 |    8599 |   41486 |  82.8 |      16 |      36 |  69.2
   Vaults:1 |   17287 |   18899 |  52.2 |      31 |      43 |  58.1
   Vaults:2 |   27950 |    7138 |  20.3 |      61 |      11 |  15.3
   Vaults:3 |   48862 |   35348 |  42.0 |      79 |      44 |  35.8
   Vaults:4 |   15732 |   59668 |  79.1 |      36 |      58 |  61.7
   Vaults:5 |   22402 |   78492 |  77.8 |      35 |      66 |  65.3
   Depths:1 |   23436 |    2662 |  10.2 |      40 |       5 |  11.1
   Depths:2 |   26095 |   91113 |  77.7 |      41 |      74 |  64.3
   Depths:3 |   44212 |   35791 |  44.7 |      50 |      34 |  40.5
   Depths:4 |   53773 |   61436 |  53.3 |      55 |      51 |  48.1
   Depths:5 |   25342 |   17623 |  41.0 |      34 |      15 |  30.6
      Zot:1 |   45769 |   15642 |  25.5 |      40 |      15 |  27.3
      Zot:2 |   48531 |   41411 |  46.0 |      43 |      35 |  44.9
      Zot:3 |   27525 |      21 |   0.1 |      21 |       1 |   4.5
      Zot:4 |   23545 |    3334 |  12.4 |      19 |       5 |  20.8
    Abyss:1 |   60767 |    9695 |  13.8 |     124 |      20 |  13.9
    Abyss:2 |    5679 |       0 |   0.0 |      15 |       0 |   0.0
    Abyss:3 |   20237 |       0 |   0.0 |      37 |       0 |   0.0
            +---------+---------+-------+---------+---------+-------
